 Dungeon Crawl Stone Soup version 0.30-a0-322-g102857c98e (webtiles) character file.

Game seed: 10915950516817204170

109808 billz999 the Skirmisher (level 16, -10/127 HPs)
             Began as a Gnoll Hunter on Oct 27, 2022.
             Was an Initiate of Gozag.
             Mangled by a spark wasp (13 damage)
             ... called by a spriggan druid
             ... on level 3 of the Swamp.
             The game lasted 01:36:44 (34088 turns).

billz999 the Skirmisher (Gnoll Hunter)             Turns: 34088, Time: 01:36:44

Health: -10/127    AC: 14    Str: 17    XL:     16   Next: 53%
Magic:  22/31      EV: 20    Int: 10    God:    Gozag
Gold:   5215       SH:  5    Dex: 24    Spells: 11/37 levels left

rFire   . . .      SeeInvis .    a - +8 arbalest (vorpal)
rCold   . . .      Faith    .    (shield currently unavailable)
rNeg    + . .      Spirit   .    d - +3 ring mail
rPois   +          Reflect  +    T - +0 helmet "Onoxza" {rN+ Int+2}
rElec   .          Harm     .    X - scarf {repulsion}
rCorr   .          Rampage  .    (no gloves)
Will    +....                    S - +1 pair of boots
Stlth   +++.......               x - amulet of reflection
HPRegen 0.41/turn                c - +6 ring of strength
MPRegen 0.22/turn                n - ring of poison resistance

@: about to teleport, marked, gold aura, very slightly contaminated, repel
missiles, very slow
A: fangs 1, strong nose, distributed training
a: Renounce Religion, Potion Petition, Call Merchant, Bribe Branch


You were on level 3 of the Swamp.
You worshipped Gozag.
Gozag was greatly pleased with you.
You visited 4 branches of the dungeon, and saw 25 of its levels.
You also visited: Ossuary and Bailey.

You collected 8993 gold pieces.
You spent 2301 gold pieces at shops.
You paid 1477 gold pieces to Gozag.

Inventory:

Hand Weapons
 a - a +8 vorpal arbalest (weapon)
 N - the +8 dire flail "Trog's Outrage" {protect, Int+7}
   (You bought it in a shop on level 3 of the Lair of Beasts)

   It grants its wielder temporary protection when it strikes (+7 to AC).
   Int:       It affects your intelligence (+7).
Missiles
 g - 34 poisoned darts
 R - a throwing net
Armour
 d - a +3 ring mail (worn)
 i - an orb of guile
 j - a +0 robe of cold resistance
 O - the +7 chain mail of the Loofah {rF+ rC- Stlth+}
   (You took it off an orc knight in a bailey)

   rF:        It protects you from fire.
   rC:        It makes you vulnerable to cold.
   Stlth:     It makes you more stealthy.
 S - a +1 pair of boots (worn)
 T - the +0 helmet "Onoxza" (worn) {rN+ Int+2}
   (You bought it in a shop on level 2 of the Orcish Mines)

   Int:       It affects your intelligence (+2).
   rN:        It protects you from negative energy.
 X - a scarf of repulsion (worn)
Jewellery
 c - a +6 ring of strength (left hand)
 m - an amulet of the acrobat
 n - a ring of poison resistance (right hand)
 x - an amulet of reflection (around neck)
 C - a +6 ring of dexterity
 P - a ring of willpower
 V - a ring of positive energy
 W - a +6 ring of dexterity
Wands
 s - a wand of flame (36)
 t - a wand of polymorph (8)
 y - a wand of digging (8)
 B - a wand of mindburst (6)
 G - a wand of roots (11)
Scrolls
 e - 8 scrolls of immolation
 k - 3 scrolls of teleportation
 l - 5 scrolls of noise
 q - 4 scrolls of amnesia
 r - a scroll of enchant armour {unknown}
 D - a scroll of magic mapping
 I - 3 scrolls of vulnerability
 K - 2 scrolls of torment
 M - 6 scrolls of identify
 Y - a scroll of poison {unknown}
Potions
 f - 5 potions of brilliance
 o - 6 potions of curing
 p - 3 potions of haste
 u - 3 potions of cancellation
 v - 3 potions of lignification
 w - 3 potions of ambrosia
 z - 4 potions of might
 E - 4 potions of attraction
 F - a potion of magic
 H - 7 potions of flight
 J - a potion of mutation
 Q - a potion of berserk rage
 U - a potion of invisibility
Miscellaneous
 b - a condenser vane
 A - a lightning rod (4/4)


   Skills:
 + Level 12.2 Fighting
 + Level 11.3 Short Blades
 + Level 11.3 Long Blades
 + Level 11.3 Axes
 + Level 11.3 Maces & Flails
 + Level 11.3 Polearms
 + Level 11.3 Staves
 + Level 14.0 Ranged Weapons
 + Level 11.3 Throwing
 + Level 11.3 Armour
 + Level 12.2 Dodging
 + Level 11.6 Stealth
 + Level 11.3 Shields
 + Level 11.3 Unarmed Combat
 + Level 11.3 Spellcasting
 + Level 9.5 Conjurations
 + Level 9.5 Hexes
 + Level 9.5 Summonings
 + Level 9.5 Necromancy
 + Level 9.5 Translocations
 + Level 9.5 Transmutations
 + Level 9.5 Fire Magic
 + Level 9.5 Ice Magic
 + Level 9.5 Air Magic
 + Level 9.5 Earth Magic
 + Level 9.5 Poison Magic
 + Level 12.3 Invocations
 + Level 11.3 Evocations


You had 11 spell levels left.
You knew the following spells:

 Your Spells              Type           Power      Damage    Failure   Level
a - Mephitic Cloud        Conj/Pois/Air  24%        N/A       1%          3
b - Summon Lightning Spi  Summ/Air       24%        N/A       3%          4
c - Irradiate             Conj/Tmut      12%        3d15      10%         5
d - Petrify               Tmut/Erth      24%        N/A       3%          4
e - Summon Mana Viper     Hex/Summ       24%        N/A       10%         5
f - Borgnjor's Vile Clut  Necr/Erth      12%        N/A       10%         5

Your spell library contained the following spells:

 Spells                   Type           Power      Damage    Failure   Level
 Magic Dart               Conj           96%        1d7       1%          1
 Shock                    Conj/Air       96%        1d9       1%          1
 Sting                    Tmut/Pois      96%        1d7       1%          1
 Call Imp                 Summ           24%        N/A       1%          2
 Poisonous Vapours        Pois/Air       48%        N/A       1%          2
 Scorch                   Fire           48%        2d7       1%          2
 Sublimation of Blood     Necr           24%        N/A       1%          2
 Hailstorm                Conj/Ice       24%        3d7       1%          3
 Ozocubu's Armour         Ice            24%        N/A       1%          3
 Swiftness                Air            24%        N/A       1%          3
 Airstrike                Air            12%        2d(2-18)  3%          4
 Flame Wave               Conj/Fire      24%        2d8       3%          4
 Fulminant Prism          Conj/Hex       12%        3d9       3%          4
 Ice Form                 Ice/Tmut       24%        N/A       3%          4
 Olgreb's Toxic Radiance  Pois           24%        N/A       3%          4
 Summon Ice Beast         Ice/Summ       24%        N/A       3%          4
 Lightning Bolt           Conj/Air       12%        1d25      10%         5
 Metabolic Englaciation   Hex/Ice        12%        N/A       10%         5
 Yara's Violent Unravell  Hex/Tmut       12%        3d7       10%         5
 Death Channel            Necr           12%        N/A       50%         6
 Summon Cactus Giant      Summ           12%        N/A       50%         6
 Enfeeble                 Hex            12%        N/A       97%         7
 Monstrous Menagerie      Summ           12%        N/A       97%         7
 Orb of Destruction       Conj           12%        9d7       97%         7
 Storm Form               Tmut/Air       12%        N/A       97%         7
 Maxwell's Capacitive Co  Air            12%        ∞         100%        8
 Animate Dead             Necr           Unusable   N/A       N/A         4
 Simulacrum               Ice/Necr       Unusable   N/A       N/A         6

Dungeon Overview and Level Annotations

Branches:
Dungeon (15/15)            Temple (0/1) D:6            Lair (5/5) D:11
  Swamp (3/4) Lair:2        Snake (0/4) Lair:3        Slime (0/5) Lair:5
    Orc (2/2) D:12            Elf (0/3) Orc:2        Vaults (0/5) D:14
 Depths (0/4) D:15        Ossuary (visited)          Bailey (visited)

Altars:
Gozag
Kikubaaqudgha
Okawaru
Trog
Vehumet
Wu Jian
Yredelemnul
The Shining One

Shops:
D:1 (   D:7 ?   D:8 ?**(   D:10 *   Orc:2 :([[   Lair:3 (=

Annotations:
D:3 3 runed translucent doors, exclusion: statue, Powertoast's ghost, amateur HOFi
D:15 1 transporter, Jisiwi's ghost, adept GrFi


Innate Abilities, Weirdness & Mutations

You have very sharp teeth.
Your uncanny sense of smell can sniff out nearby items.
Your experience applies equally to all skills.


Message History

A sentinel's mark forms upon you.
You feel better.
Casting: Borgnjor's Vile Clutch (dangerous; 10% risk of failure)
Confirm with . or Enter, or press ? or * to list all spells.
Okay, then.
Casting: Borgnjor's Vile Clutch (dangerous; 10% risk of failure)
Confirm with . or Enter, or press ? or * to list all spells.
You erupt in a fountain of uncontrolled magic!
The spark wasp is blasted with magical radiation!!!
The spark wasp is heavily wounded.
The spark wasp twists and deforms.
You are very lightly contaminated with residual magic.
The spark wasp stings you.
* * * LOW HITPOINT WARNING * * *
The spark wasp shocks you!
* * * LOW HITPOINT WARNING * * *
Unknown command.
Casting: Irradiate (dangerous; 10% risk of failure)
Confirm with . or Enter, or press ? or * to list all spells.
You erupt in a fountain of uncontrolled magic!
The spark wasp is blasted with magical radiation!!
The spark wasp is almost dead.
The spark wasp twists and deforms.
You are lightly contaminated with residual magic.
The spark wasp bursts into living lightning!
The living lightning misses you.
The spark wasp blinks!
Aiming: Throw Flame
Press: ? - help, Shift-Dir - straight line, f - spark wasp
Aim: a spark wasp (almost dead, misshapen and mutated, 66% to hit)
You feel a bit more experienced.
Your Ranged Weapons skill increases to level 14!
Unknown command.
You enter the shallow water.
Moving in this stuff is going to be slow.
As you read the scroll of teleportation, it crumbles to dust.
You feel strangely unstable. The spark wasp stings you!
* * * LOW HITPOINT WARNING * * *
The spark wasp shocks you!
You die...
Your body crumbles into a pile of gold.

♣♣♣♣♣.~~~~~.♣ ♣♣.~§..~~~~♣♣§~~♣
~♣♣~.~~~~~~.♣♣ ♣~~~~......~~~~♣
.♣~..~~♣♣~~~~♣ ♣~~~§~§...♣♣♣♣♣♣
~...~~~.♣♣♣♣♣♣♣♣♣...~~~~~.♣♣
§....~~.♣ ♣♣~.....~.~~§~~~.♣♣
.♣..~~~♣♣
♣.~~~§.....~~§~~.~♣♣♣♣ ♣♣§.>~.♣
♣♣.~~~.......~.~.~...~♣♣
♣..~~.♣
♣^~~~§....~......~~~~..♣
♣♣~§.♣♣
♣~~§.♣♣@§~~~~~~.~~~~~~~. ♣..♣♣
♣§~~♣♣♣♣y~~§§~~~.~~~~~.. ♣♣♣♣
♣♣♣♣♣§....§§$§§~....~♣♣♣
♣♣♣♣§§§§§§~§.§§~~~~~..♣♣
♣♣♣♣♣~..§§§y§§~~~~~~§~~~..♣
♣♣..♣♣~.~§§§§~§~~.....~~...♣
♣♣.......~~~.~...~~..§§..~♣♣♣
♣♣~...§~~y~.~~♣.....♣♣§~....♣♣
♣.~~~.~~~.~~..>.~~~~..~~..~~.♣♣


You could see a spark wasp.

Vanquished Creatures
  Jorgrun (Swamp:3)
  2 bunyips (Swamp:1)
  2 eleionomae
  A spark wasp (Swamp:3)
  Josephine (Lair:4)
  An entropy weaver (D:10)
  3 fire dragons
  A vault guard (D:14)
  5 hydras
  3 catoblepae
  3 boulder beetles
  2 centaur warriors
  An alligator (Swamp:1)
  3 two-headed ogres
  9 death yaks
  2 orc high priests (Orc:2)
  4 hell knights (D:15)
  A skeletal warrior (D:10)
  2 goliath frogs
  A spriggan druid (Swamp:1)
  10 orc knights
  3 spriggan simulacra (Swamp:3)
  A bog body (Swamp:2)
  A lindwurm (Lair:5)
  An orc sorcerer (D:15)
  A wizard (D:14)
  Pikel (D:4)
  4 necromancers
  3 deep elf pyromancers
  A manticore (D:12)
  5 ugly things
  5 cyclopes
  18 elephants
  An oklob plant (Lair:1)
  2 moths of wrath (Swamp:1)
  Maurice (D:8)
  5 black mambas
  7 cane toads
  8 rime drakes
  A gargoyle (D:11)
  3 unseen horrors
  3 efreet
  4 komodo dragons
  6 trolls
  A yaktaur (shapeshifter) (D:12)
  A bloated husk (Swamp:1)
  3 meliai (D:13)
  5 hornets
  2 polar bears
  9 tyrant leeches
  A blink frog (shapeshifter) (D:14)
  10 slime creatures
  4 blink frogs (Lair:4)
  6 dream sheep (Lair:5)
  A shadow (D:10)
  A culicivora (shapeshifter) (D:12)
  9 spriggans
  4 wyverns
  A vampire (D:14)
  13 yaks
  Eustachio (D:6)
  6 wraiths
  14 vampire mosquitoes
  4 basilisks
  14 humans (D:14)
  12 steam dragons
  10 swamp worms
  2 wargs
  3 acid dragons
  5 hell hounds (D:15)
  4 nagas (Lair:3)
  7 water moccasins
  31 orc warriors
  A sky beast (D:6)
  A swamp drake (Swamp:1)
  2 ice beasts
  A boggart (D:12)
  3 black bears (Lair:5)
  4 alligator simulacra (Swamp:3)
  7 ogres
  13 centaurs
  5 wolves (Lair:5)
  4 kobold brigands
  An elf zombie (D:7)
  Blork the orc (D:6)
  2 necrophages
  7 nameless horrors
  14 bullfrogs
  2 elf skeletons (D:7)
  3 scorpions
  3 wyvern zombies (Ossuary)
  10 wights
  A lindwurm simulacrum (Swamp:3)
  6 killer bees (D:9)
  An electric eel (D:9)
  5 howler monkeys
  4 bullfrog zombies (Ossuary)
  4 centaur zombies (Ossuary)
  A hound (D:4)
  27 orc priests
  A human skeleton (D:7)
  2 jellies (Lair:5)
  15 mummies (Ossuary)
  Natasha (D:2)
  5 iguanas
  17 orc wizards
  3 scorpion zombies (D:4)
  A hound zombie (D:4)
  3 howler monkey zombies (Ossuary)
  7 adders
  A shadow imp (D:6)
  A white imp (D:7)
  An adder zombie (D:4)
  A worm (D:3)
  4 dart slugs
  99 orcs
  4 bats
  9 endoplasms
  5 giant cockroaches
  13 goblins
  7 hobgoblins
  2 jackals (D:4)
  34 kobolds
  3 quokkas
  5 ball pythons
  4 frilled lizards
  An orc skeleton (D:7)
  An orc zombie (D:7)
  6 rats
716 creatures vanquished.

Vanquished Creatures (collateral kills)
  A catoblepas (Lair:5)
  A centaur warrior (D:15)
  A death yak (Lair:5)
  An alligator (Swamp:3)
  A deep troll shaman (Lair:5)
  A tengu warrior (D:14)
  3 orc high priests (Orc:2)
  A swamp dragon (Swamp:3)
  A deep elf pyromancer (D:12)
  A wolf spider (D:12)
  An oklob plant (Lair:5)
  A manticore (D:12)
  2 ugly things (D:15)
  An orc sorcerer (D:15)
  A cyclops (Orc:1)
  2 elephants (Lair:5)
  A cane toad (Lair:5)
  A rime drake (Lair:4)
  3 slime creatures
  4 hornets (Swamp:1)
  3 spriggans (Swamp:1)
  A vampire (D:14)
  7 humans (D:14)
  A yak (D:10)
  A steam dragon (Lair:4)
  A basilisk (D:14)
  A swamp worm (Swamp:1)
  An acid dragon (D:12)
  2 hell hounds (D:15)
  4 orc warriors
  A wolf (Lair:5)
  A centaur (D:13)
  5 orc priests
  3 orc wizards (Orc:1)
  29 orcs
  A goblin (D:12)
91 creatures vanquished.

Vanquished Creatures (others)
  A human (D:8)
  24 fungi
  77 plants
  3 toadstools (D:5)
  5 withered plants (Ossuary)
110 creatures vanquished.

Grand Total: 917 creatures vanquished

Notes
Turn   | Place    | Note
-------+----------+-------------------------------------------
     0 | D:1      | billz999 the Gnoll Hunter began the quest for the Orb.
     0 | D:1      | Reached XP level 1. HP: 20/20 MP: 1/1
    72 | D:1      | Reached XP level 2. HP: 26/26 MP: 2/2
   125 | D:1      | Found Ychechu's Weapon Shoppe.
   183 | D:1      | Reached XP level 3. HP: 31/31 MP: 3/3
   598 | D:2      | Reached skill level 1 in Invocations
   606 | D:2      | Reached skill level 1 in Short Blades
   606 | D:2      | Reached skill level 1 in Long Blades
   606 | D:2      | Reached skill level 1 in Axes
   606 | D:2      | Reached skill level 1 in Maces & Flails
   606 | D:2      | Reached skill level 1 in Polearms
   606 | D:2      | Reached skill level 1 in Staves
   606 | D:2      | Reached skill level 1 in Throwing
   606 | D:2      | Reached skill level 1 in Armour
   606 | D:2      | Reached skill level 1 in Shields
   606 | D:2      | Reached skill level 1 in Unarmed Combat
   606 | D:2      | Reached skill level 1 in Spellcasting
   606 | D:2      | Reached skill level 1 in Evocations
   690 | D:2      | Reached XP level 4. HP: 38/38 MP: 5/5
   748 | D:2      | Noticed Natasha
   752 | D:2      | Killed Natasha
   753 | D:2      | Reached skill level 1 in Conjurations
   753 | D:2      | Reached skill level 1 in Hexes
   753 | D:2      | Reached skill level 1 in Summonings
   753 | D:2      | Reached skill level 1 in Necromancy
   753 | D:2      | Reached skill level 1 in Translocations
   753 | D:2      | Reached skill level 1 in Transmutations
   753 | D:2      | Reached skill level 1 in Fire Magic
   753 | D:2      | Reached skill level 1 in Ice Magic
   753 | D:2      | Reached skill level 1 in Air Magic
   753 | D:2      | Reached skill level 1 in Earth Magic
   753 | D:2      | Reached skill level 1 in Poison Magic
  1613 | D:3      | Found a runed translucent gate.
  1613 | D:3      | Found a runed translucent gate.
  1613 | D:3      | Found a runed translucent gate.
  1613 | D:3      | Noticed Powertoast's ghost (amateur HOFi)
  1634 | D:3      | Reached XP level 5. HP: 43/43 MP: 5/7
  1892 | D:3      | Found a radiant altar of Vehumet.
  1893 | D:3      | Noticed a charred statue
  2521 | D:4      | Reached XP level 6. HP: 50/50 MP: 8/8
  2551 | D:4      | Reached skill level 5 in Fighting
  2551 | D:4      | Reached skill level 5 in Dodging
  2585 | D:4      | Found a basalt altar of Yredelemnul.
  2648 | D:4      | Noticed Pikel
  2666 | D:4      | Killed Pikel
  2667 | D:4      | Reached skill level 9 in Ranged Weapons
  2667 | D:4      | Reached XP level 7. HP: 10/56 MP: 9/11
  2886 | D:4      | Reached XP level 8. HP: 58/63 MP: 12/12
  3259 | D:5      | Entered Level 5 of the Dungeon
  4140 | D:6      | Noticed Eustachio
  4156 | D:6      | Killed Eustachio
  4237 | D:6      | Reached XP level 9. HP: 62/69 MP: 14/14
  4469 | D:6      | Noticed Blork the orc
  4484 | D:6      | Killed Blork the orc
  4547 | D:6      | Found an opulent altar of Gozag.
  4565 | D:6      | Became a worshipper of Gozag Ym Sagoz the Greedy
  4639 | D:6      | Found a staircase to the Ecumenical Temple.
  5038 | D:7      | Found Cuarhesi's Magic Scroll Boutique.
  5161 | D:7      | Found a glowing golden altar of the Shining One.
  5212 | D:7      | Reached skill level 5 in Stealth
  5286 | D:7      | Found a sand-covered staircase.
  5346 | Ossuary  | Entered an ossuary
  5472 | Ossuary  | Reached skill level 5 in Invocations
  6005 | D:7      | Reached skill level 5 in Short Blades
  6005 | D:7      | Reached skill level 5 in Long Blades
  6005 | D:7      | Reached skill level 5 in Axes
  6005 | D:7      | Reached skill level 5 in Maces & Flails
  6005 | D:7      | Reached skill level 5 in Polearms
  6005 | D:7      | Reached skill level 5 in Staves
  6005 | D:7      | Reached skill level 5 in Throwing
  6005 | D:7      | Reached skill level 5 in Armour
  6005 | D:7      | Reached skill level 5 in Shields
  6005 | D:7      | Reached skill level 5 in Unarmed Combat
  6005 | D:7      | Reached skill level 5 in Spellcasting
  6005 | D:7      | Reached skill level 5 in Evocations
  6005 | D:7      | Reached XP level 10. HP: 41/77 MP: 17/17
  6384 | D:7      | Found a bloodstained altar of Trog.
  6384 | D:7      | Found an ornate altar of the Wu Jian Council.
  6513 | D:7      | Reached skill level 10 in Ranged Weapons
  6749 | D:8      | Noticed Maurice
  6751 | D:8      | Noticed a two-headed ogre
  6759 | D:8      | Killed a two-headed ogre
  6769 | D:8      | Killed Maurice
  6925 | D:8      | Learned a level 3 spell: Mephitic Cloud
  7074 | D:8      | Found an ancient bone altar of Kikubaaqudgha.
  7116 | D:8      | Found Acvudid's Weapon Boutique.
  7117 | D:8      | Found Ycrigh's Assorted Antiques.
  7119 | D:8      | Found Acu Nac's Magic Scroll Boutique.
  7130 | D:8      | Found Soemigiyk's Assorted Antiques.
  7161 | D:8      | Found a flagged portal.
  7213 | Bailey   | Entered a bailey
  7729 | Bailey   | Identified the +7 chain mail of the Loofah {rF+ rC- Stlth+}
  7729 | Bailey   | Noticed an orc knight
  7775 | Bailey   | Killed an orc knight
  7777 | Bailey   | Acquired a +1 arbalest of flaming
  8100 | Bailey   | Acquired a ring of willpower
  8221 | D:8      | Bought a scroll of enchant weapon for 217 gold pieces
  8221 | D:8      | Bought a scroll of enchant weapon for 217 gold pieces
  8269 | D:7      | Bought a scroll of enchant weapon for 90 gold pieces
  8269 | D:7      | Bought a scroll of brand weapon for 114 gold pieces
  8319 | D:8      | Bought a scroll of enchant weapon for 105 gold pieces
  9116 | D:9      | Found an iron altar of Okawaru.
  9253 | D:9      | Reached skill level 5 in Conjurations
  9253 | D:9      | Reached skill level 5 in Hexes
  9253 | D:9      | Reached skill level 5 in Summonings
  9253 | D:9      | Reached skill level 5 in Necromancy
  9253 | D:9      | Reached skill level 5 in Translocations
  9253 | D:9      | Reached skill level 5 in Transmutations
  9253 | D:9      | Reached skill level 5 in Fire Magic
  9253 | D:9      | Reached skill level 5 in Ice Magic
  9253 | D:9      | Reached skill level 5 in Air Magic
  9253 | D:9      | Reached skill level 5 in Earth Magic
  9253 | D:9      | Reached skill level 5 in Poison Magic
  9254 | D:9      | Reached XP level 11. HP: 78/85 MP: 20/20
 10738 | D:10     | Entered Level 10 of the Dungeon
 11208 | D:10     | Noticed a skeletal warrior
 11209 | D:10     | Noticed a skeletal warrior
 11387 | D:10     | Noticed a two-headed ogre
 11393 | D:10     | Killed a two-headed ogre
 11443 | D:10     | a yak changed into an entropy weaver
 11443 | D:10     | Noticed an entropy weaver
 11446 | D:10     | Killed an entropy weaver
 11597 | D:10     | Found Wuni's General Store.
 11793 | D:10     | Noticed a skeletal warrior
 11802 | D:10     | HP: 3/87 [skeletal warrior/+0 mace (11)]
 11803 | D:10     | Killed a skeletal warrior
 11804 | D:10     | Reached skill level 11 in Ranged Weapons
 12501 | D:11     | Found a staircase to the Lair.
 12517 | Lair:1   | Entered Level 1 of the Lair of Beasts
 12570 | Lair:1   | Reached XP level 12. HP: 94/94 MP: 22/22
 12994 | Lair:1   | Noticed a catoblepas
 13006 | Lair:1   | Killed a catoblepas
 13378 | Lair:1   | Found an ornate altar of the Wu Jian Council.
 14074 | Lair:2   | Found a staircase to the Swamp.
 14116 | Lair:2   | Identified the +1 chain mail "Dakhiug" {rN+ Will+ Int+2}
 15550 | Lair:3   | Noticed a catoblepas
 15561 | Lair:3   | Killed a catoblepas
 15669 | Lair:3   | Found a staircase to the Snake Pit.
 16101 | Lair:3   | Noticed a death yak
 16102 | Lair:3   | Noticed a death yak
 16102 | Lair:3   | Noticed a death yak
 16125 | Lair:2   | Killed a death yak
 16661 | Lair:3   | Killed a death yak
 16667 | Lair:3   | Killed a death yak
 16875 | Lair:4   | Reached XP level 13. HP: 91/101 MP: 25/25
 17020 | Lair:5   | Entered Level 5 of the Lair of Beasts
 17175 | Lair:4   | Noticed Josephine
 17376 | Lair:3   | Learned a level 4 spell: Summon Lightning Spire
 17393 | Lair:3   | Learned a level 5 spell: Irradiate
 17398 | Lair:3   | Learned a level 4 spell: Petrify
 17689 | Lair:4   | Reached skill level 12 in Ranged Weapons
 17698 | Lair:4   | Killed Josephine
 17984 | Lair:4   | Noticed a fire dragon
 18011 | Lair:4   | Killed a fire dragon
 18364 | Lair:4   | Reached skill level 10 in Fighting
 18364 | Lair:4   | Reached skill level 10 in Dodging
 19435 | Lair:5   | Found a runed translucent door.
 19436 | Lair:5   | Found a staircase to the Slime Pits.
 19660 | Lair:5   | Reached skill level 10 in Invocations
 19660 | Lair:5   | Reached XP level 14. HP: 85/110 MP: 22/27
 21803 | D:11     | You fall into a shaft and drop 2 floors!
 22451 | D:14     | Reached skill level 10 in Stealth
 22569 | D:12     | Found a staircase to the Orcish Mines.
 22853 | Lair:3   | Bought the +8 dire flail "Trog's Outrage" {protect, Int+7}
                  | for 798 gold pieces
 23042 | Orc:1    | Entered Level 1 of the Orcish Mines
 23304 | Orc:2    | Entered Level 2 of the Orcish Mines
 23304 | Orc:2    | Found a staircase to the Elven Halls.
 24397 | Orc:2    | Reached skill level 10 in Short Blades
 24397 | Orc:2    | Reached skill level 10 in Long Blades
 24397 | Orc:2    | Reached skill level 10 in Axes
 24397 | Orc:2    | Reached skill level 10 in Maces & Flails
 24397 | Orc:2    | Reached skill level 10 in Polearms
 24397 | Orc:2    | Reached skill level 10 in Staves
 24397 | Orc:2    | Reached skill level 10 in Throwing
 24397 | Orc:2    | Reached skill level 10 in Armour
 24397 | Orc:2    | Reached skill level 10 in Shields
 24397 | Orc:2    | Reached skill level 10 in Unarmed Combat
 24397 | Orc:2    | Reached skill level 10 in Spellcasting
 24397 | Orc:2    | Reached skill level 10 in Evocations
 24403 | Orc:2    | Reached skill level 13 in Ranged Weapons
 24625 | Orc:2    | Reached XP level 15. HP: 118/118 MP: 25/29
 24838 | Orc:2    | Found Hearph's Antique Weapon Emporium.
 24841 | Orc:2    | Found Illy's Armour Emporium.
 24843 | Orc:2    | Found Luaf's Antique Armour Shoppe.
 24844 | Orc:2    | Found Xyurooq's Book Emporium.
 24847 | Orc:2    | Bought a book of Beasts for 456 gold pieces
 25033 | Orc:2    | Bought a slimy helmet for 304 gold pieces
 25033 | Orc:2    | Identified the +0 helmet "Onoxza" {rN+ Int+2} (You bought
                  | it in a shop on level 2 of the Orcish Mines)
 25208 | Orc:2    | Learned a level 5 spell: Summon Mana Viper
 26369 | D:12     | Got the Incunabulum of Combat Magic
 27613 | D:14     | Found a gate to the Vaults.
 28249 | D:15     | Entered Level 15 of the Dungeon
 29209 | D:15     | Identified the +1 great mace of Biojy {freeze, +Blink rN+
                  | Int+3 Stlth+}
 29209 | D:15     | Noticed a frost giant
 29210 | D:15     | Noticed Jisiwi's ghost (adept GrFi)
 29211 | D:15     | Found a transporter.
 29642 | D:15     | Found a staircase to the Depths.
 30040 | Swamp:1  | Entered Level 1 of the Swamp
 30052 | Swamp:1  | Reached XP level 16. HP: 92/127 MP: 18/30
 31341 | Swamp:1  | Learned a level 5 spell: Borgnjor's Vile Clutch
 32883 | Swamp:3  | Noticed Jorgrun
 32899 | Swamp:3  | Killed Jorgrun
 33094 | Swamp:3  | Found a frozen archway.
 34086 | Swamp:3  | Reached skill level 14 in Ranged Weapons
 34088 | Swamp:3  | HP: 3/127 [spark wasp[a spriggan druid] (8)]
 34088 | Swamp:3  | Mangled by a spark wasp

Illustrated notes

Levels and vault maps discovered:
D:1:      dpeg_arrival_tiny_f, layout_rooms, serial_shops, shop,
          hangedman_abyss_or_decor_stabs
D:2:      layout_basic, uniq_natasha
D:3:      layout_loops_corners, vehumet_statue, biasface_ghost_orc_armoury
D:4:      layout_rooms, nicolae_yredelemnul_corpse_copse, minmay_bent,
          uniq_pikel
D:5:      layout_basic, minmay_gold_behind_fungi, fountainhead
D:6:      layout_basic, mainiacjoe_overflow_boulevard, temple_hall,
          uniq_eustachio, uniq_blork_the_orc
D:7:      hellmonk_destroyed_diamonds, layout_loops_ring, minitemple,
          serial_shops, nicolae_stop_n_shop_1, nicolae_ossuary_entry_catacombs
D:8:      layout_basic, tgw_kikubaaqudgha, enter_bailey_5,
          minmay_shop_grid_forest, minmay_misc_feat_x, uniq_maurice
D:9:      layout_stronghold, kennysheep_okawaru_gauntlet, serial_column_ruins,
          column_ruins_grid_1, column_ruins_open_small, column_ruins_columns_T,
          column_ruins_open_tiny, column_ruins_columns_dead_end,
          column_ruins_grid_1, column_ruins_open_small, grunt_ogre_cave,
          serial_bayou_lagoon_a, grunt_ministairs_5
D:10:     layout_roguey, serial_shops, nicolae_shop_advertising_works
          [nicolae_subvault_shop_adworks]
D:11:     layout_loops_ring, lair_entry_dummy, minivault_7
D:12:     layout_cross, erik_orc_4, minmay_the_grid_2x2 [minmay_the_grid_x,
          minmay_the_grid_paths, minmay_the_grid_embedded,
          minmay_the_grid_prize_trominoes]
D:13:     layout_basic, special_room [special_room_orc]
D:14:     layout_small_grid, grunt_vaults_entry_tiered, chequers_arboretum
D:15:     grunt_enter_depths_hoard, layout_loops_ring, gammafunk_ghost_smash,
          minmay_rotating_lava
Lair:1:   layout_chaotic_city, serial_bayou_pond_e, lemuel_centaur_altar,
          lemuel_fruit_tree
Lair:2:   layout_hall_layers, swamp_mist, grunt_megastairs_5
Lair:3:   layout_chaotic_city, minmay_snake_entry_guardpost_small, minivault_23
Lair:4:   layout_gridlike, dreamdust_deal_with_the_devil,
          bobbens_dragon_lair_wall, grunt_megastairs_1, serial_bayou_shore_b,
          uniq_josephine
Lair:5:   grunt_lair_end_beastmaster, layout_regular_city, slime_entry_2,
          chequers_serial_rivers_micro_d, minmay_lair_oklob_items,
          infiniplex_staircase_pool
Swamp:1:  nicolae_swamp_decorative_isthmus, layout_falls_marsh,
          evilmike_swamp_ruin_rubble_1, swamp_pool2, worms_lemuel
Swamp:2:  gammafunk_mikee_crab_dinner, layout_basic_swamp,
          evilmike_swamp_ruin_house_2, nicolae_swamp_catching_bugs,
          infiniplex_staircase_pool_2
Swamp:3:  layout_basic_swamp, portal_ice_cave_entry_ice_simulacra,
          hangedman_swamp_blocks, swamp_pool1, uniq_jorgrun
Orc:1:    layout_caves, minmay_orc_temple_a
Orc:2:    st_orc_pillars, layout_caves, basic_altar

Skill      XL: |  1  2  3  4  5  6  7  8  9 10 11 12 13 14 15 16 |
---------------+-------------------------------------------------+-----
Invocations    | 1 2 3 4 5 6 7 8 10 11 12 | 12.3
Short Blades   | 1 2 3 5 6 7 8 9 10 11 | 11.3
Long Blades    | 1 2 3 5 6 7 8 9 10 11 | 11.3
Axes           | 1 2 3 5 6 7 8 9 10 11 | 11.3
Maces & Flails | 1 2 3 5 6 7 8 9 10 11 | 11.3
Polearms       | 1 2 3 5 6 7 8 9 10 11 | 11.3
Staves         | 1 2 3 5 6 7 8 9 10 11 | 11.3
Throwing       | 1 2 3 5 6 7 8 9 10 11 | 11.3
Armour         | 1 2 3 5 6 7 8 9 10 11 | 11.3
Shields        | 1 2 3 5 6 7 8 9 10 11 | 11.3
Unarmed Combat | 1 2 3 5 6 7 8 9 10 11 | 11.3
Spellcasting   | 1 2 3 5 6 7 8 9 10 11 | 11.3
Evocations     | 1 2 3 5 6 7 8 9 10 11 | 11.3
Conjurations   | 1 2 3 4 5 6 7 8 9 |  9.5
Hexes          | 1 2 3 4 5 6 7 8 9 |  9.5
Summonings     | 1 2 3 4 5 6 7 8 9 |  9.5
Necromancy     | 1 2 3 4 5 6 7 8 9 |  9.5
Translocations | 1 2 3 4 5 6 7 8 9 |  9.5
Transmutations | 1 2 3 4 5 6 7 8 9 |  9.5
Fire Magic     | 1 2 3 4 5 6 7 8 9 |  9.5
Ice Magic      | 1 2 3 4 5 6 7 8 9 |  9.5
Air Magic      | 1 2 3 4 5 6 7 8 9 |  9.5
Earth Magic    | 1 2 3 4 5 6 7 8 9 |  9.5
Poison Magic   | 1 2 3 4 5 6 7 8 9 |  9.5
Stealth        | 3 4 5 6 7 8 9 10 11 | 11.6
Fighting       | 5 6 7 8 9 10 11 12 | 12.2
Dodging        | 5 6 7 8 9 10 11 12 | 12.2
Ranged Weapons | 9 10 11 12 13 14 | 14.0

Action                   |  1- 3 |  4- 6 |  7- 9 | 10-12 | 13-15 | 16-18 || total
-------------------------+-------+-------+-------+-------+-------+-------++-------
Melee: Shortbow          |       |     5 |       |       |       |       ||     5
       Whip              |       |       |   163 |    12 |       |       ||   175
       Bite              |       |       |    23 |     5 |       |       ||    28
       Unarmed           |       |       |     1 |       |       |       ||     1
       Punch             |       |       |     3 |       |       |       ||     3
 Fire: Shortbow          |    80 |   169 |   309 |   177 |       |       ||   735
       Arbalest          |       |       |       |   376 |   818 |   168 ||  1362
Throw: Dart              |       |       |       |     3 |       |       ||     3
 Cast: Summon Lightning  |       |       |       |       |   141 |    33 ||   174
       Petrify           |       |       |       |       |     3 |       ||     3
       Irradiate         |       |       |       |       |     2 |     3 ||     5
       Summon Mana Viper |       |       |       |       |    19 |     6 ||    25
       Borgnjor's Vile C |       |       |       |       |       |    32 ||    32
Invok: Call Merchant     |       |       |       |     2 |       |       ||     2
Evoke: Wand              |       |     3 |     5 |    42 |     1 |     1 ||    52
       Lightning rod     |       |       |       |       |     7 |       ||     7
  Use: Scroll            |       |     5 |     7 |    14 |    20 |     6 ||    52
       Potion            |       |     2 |     2 |     5 |     9 |     3 ||    21
 Stab: Sleeping          |       |       |     2 |       |       |       ||     2
       Distracted        |       |       |     1 |       |       |       ||     1
Armor: Ring mail         |    11 |    53 |    94 |    16 |    91 |    20 ||   285
       Chain mail        |       |       |       |   211 |    37 |       ||   248
       Robe              |       |       |       |       |    19 |       ||    19
Dodge: Dodged            |    13 |    60 |   183 |   275 |   354 |    81 ||   966
       Repelled          |       |       |       |       |     4 |     3 ||     7
Block: Other             |       |       |       |       |    54 |    23 ||    77
       Reflection        |       |       |       |       |    13 |     4 ||    17

Table legend: (Time is in decaauts)
 A = Elapsed time spent in this place.
 B = Non-inter-level travel time spent in this place.
 C = Inter-level travel time spent in this place.
 D = Time resting spent in this place.
 E = Time spent auto-exploring this place.
 F = Levels seen in this place.
 G = Mean time per level.
                   A        B        C        D        E       F      G
               +--------+--------+--------+--------+--------+-----+--------+
         Total |  35080 |  33012 |   2068 |   6401 |  20739 |  27 | 1299.3 |
       Dungeon |  17850 |  16717 |   1133 |   2673 |  11074 |  15 | 1190.0 |
          Lair |   9416 |   8737 |    679 |   2019 |   5467 |   5 | 1883.2 |
         Swamp |   3860 |   3688 |    172 |   1185 |   1947 |   3 | 1286.7 |
  Orcish Mines |   2286 |   2203 |     83 |    177 |   1569 |   2 | 1143.0 |
       Ossuary |    674 |    674 |      0 |     78 |    301 |   1 |  674.0 |
        Bailey |    992 |    992 |      0 |    268 |    379 |   1 |  992.0 |
               +--------+--------+--------+--------+--------+-----+--------+

Top non-repeatable levels by time:
     D:9: 2489 daAuts
  Lair:4: 2338 daAuts
 Swamp:1: 1979 daAuts
    D:10: 1870 daAuts
  Lair:5: 1822 daAuts
  Lair:3: 1805 daAuts
  Lair:2: 1765 daAuts
  Lair:1: 1685 daAuts
    D:14: 1606 daAuts
    D:12: 1538 daAuts
    D:15: 1491 daAuts
 Swamp:3: 1489 daAuts
   Orc:2: 1463 daAuts
     D:3: 1282 daAuts
    D:13: 1166 daAuts
